Flames vs Coyotes
(R1)
Created - May 13, 2019 at 19:01
Goals
|
| Flames |
1 |
1 |
1 |
3 |
| Coyotes |
1 |
2 |
1 |
4 |
|
Shots
|
| Flames |
8 |
9 |
24 |
41 |
| Coyotes |
17 |
14 |
8 |
39 |
|
1st period
1. Coyotes , Chris Stewart 1 (Valtteri Filppula 1) at 8:28
2. Flames , Jordin Tootoo 1 (Sami Vatanen 1, Patrik Berglund 1) at 14:07 (PP)
Penalties :
Sami Vatanen (Cal) for Hooking (Minor) at 6:16, Jonathan Ferland (Cal) for Goalie Interference (Minor) at 9:33, Marian Gaborik (Ari) for Roughing (Minor) at 12:55, David Backes (Cal) for Tripping (Minor) at 19:58
2nd period
3. Coyotes , Brooks Laich 1 (Martin Samuelsson 1, Anton Stralman 1) at 2:51
4. Flames , Erik Johnson 1 (Steve Regier 1) at 3:52
5. Coyotes , Marian Gaborik 1 (Anton Stralman 2, Brad Richards 1) at 16:36 (PP)
Penalties :
Alexander Semin (Cal) for Hooking (Minor) at 7:06, Alexander Semin (Cal) for Goalie Interference (Minor) at 16:27
3rd period
6. Flames , David Backes 1 (Eric Staal 1, Tom Poti 1) at 8:43
7. Coyotes , Chris Stewart 2 (Valtteri Filppula 2, Ryane Clowe 1) at 17:17
Penalties :
Marian Gaborik (Ari) for Hooking (Minor) at 0:17, David Backes (Cal) for Interference (Minor) at 5:40, Anton Stralman (Ari) for Interference (Minor) at 0:00
Goalie Stats
Jonas Gustavsson (Cal), 35 saves from 39 shots - (0.897), L, 0-1-0, 58:47 minutes
Maxime Daigneault (Ari), 38 saves from 41 shots - (0.927), W, 1-0-0, 60:00 minutes
Players Stats for Flames
Player Name G A P +/- PIM S H SB GA TA FO MP PP MP PK MP
------------------------------------------------------------------------------------
Alexander Semin 0 0 0 -3 4 4 2 0 0 0 1/1 18:16 1:53 0:00
Brad Marchand 0 0 0 0 0 2 1 0 0 0 0/0 18:26 0:00 5:04
Brendan Mikkelson 0 0 0 -1 0 0 0 1 0 0 0/0 10:51 0:00 0:00
Colin Wilson 0 0 0 0 0 4 1 0 0 0 4/12 9:58 0:00 0:00
David Backes 1 0 1 -2 4 4 3 0 1 1 1/4 19:04 1:53 0:00
David Ullstrom 0 0 0 2 0 1 0 0 0 0 1/1 12:00 0:00 5:00
Derek Meech 0 0 0 -1 0 1 0 1 0 0 0/0 21:49 0:56 5:30
Eric Staal 0 1 1 -2 0 5 1 1 0 0 17/39 23:58 1:53 4:52
Erik Johnson 1 0 1 1 0 5 0 3 1 0 0/0 27:20 2:15 4:34
Jonathan Ferland 0 0 0 1 2 0 0 0 0 0 0/0 6:30 0:00 0:19
Jordin Tootoo 1 0 1 0 0 3 0 0 0 0 0/0 11:16 1:18 0:00
Mikhail Grabovski 0 0 0 1 0 1 1 0 0 0 2/4 11:16 0:00 4:53
Patrik Berglund 0 1 1 0 0 2 1 0 0 0 5/14 14:29 1:18 0:00
Peter Prucha 0 0 0 0 0 1 2 1 0 0 1/1 13:11 0:00 0:00
Sami Vatanen 0 1 1 -1 2 1 0 1 0 0 0/0 12:40 0:56 0:00
Steve Eminger 0 0 0 -1 0 0 3 3 0 0 0/0 20:10 0:00 5:30
Steve Regier 0 1 1 0 0 3 1 0 0 0 1/1 11:16 1:18 0:00
Tom Poti 0 1 1 1 0 4 0 1 0 3 0/0 27:20 2:15 4:34
Players Stats for Coyotes
Player Name G A P +/- PIM S H SB GA TA FO MP PP MP PK MP
------------------------------------------------------------------------------------
Alexander Sulzer 0 0 0 0 0 2 1 0 0 1 0/0 13:21 0:11 0:50
Anton Stralman 0 2 2 -1 2 1 1 1 0 0 0/0 26:53 5:57 0:50
Brad Richards 0 1 1 0 0 2 1 1 0 0 22/40 22:49 5:26 0:34
Brooks Laich 1 0 1 -1 0 2 1 1 0 0 6/9 10:52 0:21 0:00
Chad Larose 0 0 0 -1 0 0 2 0 0 1 2/5 13:12 0:04 2:12
Chris Stewart 2 0 2 1 0 5 0 0 0 0 0/0 8:23 0:04 0:00
Greg Zanon 0 0 0 1 0 0 1 2 0 0 0/0 16:09 0:00 2:21
Josh Gorges 0 0 0 1 0 4 1 0 0 0 0/0 20:29 4:07 2:21
Kristopher Letang 0 0 0 0 0 1 2 2 1 0 0/0 25:30 5:46 0:00
Marek Svatos 0 0 0 0 0 4 3 1 0 0 0/0 16:27 4:17 0:00
Marian Gaborik 1 0 1 0 4 3 0 0 0 0 0/0 22:05 5:43 0:00
Martin Samuelsson 0 1 1 0 0 3 0 0 1 0 1/1 11:24 0:00 2:12
Michael Del Zotto 0 0 0 1 0 2 2 1 1 0 0/0 17:38 4:07 0:00
Nazem Kadri 0 0 0 0 0 5 3 0 0 0 6/11 16:27 4:17 0:00
Ryane Clowe 0 1 1 2 0 0 1 0 0 0 1/1 7:40 0:00 0:25
Tyler Ennis 0 0 0 0 0 3 1 0 1 0 1/2 22:26 5:43 0:25
Valtteri Filppula 0 2 2 2 0 1 0 0 0 0 5/8 7:15 0:00 0:00
Zach Parise 0 0 0 0 0 1 2 0 0 0 0/0 17:47 4:17 0:34
3 Stars
1 - Chris Stewart (Ari)
2 - Valtteri Filppula (Ari)
3 - Erik Johnson (Cal)
Power Play
Flames - 1 on 3 Attempt(s) - 33.33%
Coyotes - 1 on 6 Attempt(s) - 16.67%
Penalty Kill
Flames - 5 on 6 Attempt(s) - 83.33%
- Score 0 goal in Penalty Kill
Coyotes - 2 on 3 Attempt(s) - 66.67%
- Score 0 goal in Penalty Kill
Team Stat
Flames - Hits : 16 - Faceoff Wins : 33 - Blocked Shots : 12 - Penalty Minutes : 12
Coyotes - Hits : 22 - Faceoff Wins : 44 - Blocked Shots : 9 - Penalty Minutes : 6
Official
Referees : Unknown
Linesman : Unknown
Game Notes
No Game Note
Finance
Level 1 -- Attendance: 6000 (100.00%) -- Ticket Income $540,000
Level 2 -- Attendance: 5000 (100.00%) -- Ticket Income $265,000
Level 3 -- Attendance: 2000 (100.00%) -- Ticket Income $74,000
Level 4 -- Attendance: 4000 (100.00%) -- Ticket Income $104,000
Luxury Box -- Attendance: 1000 (100.00%) -- Ticket Income $163,000
Game was played at the The Pack Center.
Total Attendance: 18000 (100.00%)
Total Ticket Income: $1,146,000
Other Income: $171,900
Total Income: $1,317,900
Flames
5 vs 5 Forward
Center Left Wing Right Wing Time % Phy DF OF
1 Eric Staal Alexander Semin David Backes 40 1 2 2
2 Patrik Berglund Brad Marchand Peter Prucha 33 1 2 2
3 Colin Wilson Steve Regier Jordin Tootoo 19 1 2 2
4 Mikhail Grabovski David Ullstrom Jonathan Ferland 8 1 2 2
5 vs 5 Defense
Defense Defense Time % Phy DF OF
1 Erik Johnson Tom Poti 38 1 2 2
2 Derek Meech Steve Eminger 29 1 2 2
3 Brendan Mikkelson Sami Vatanen 23 1 2 2
4 Derek Meech Steve Eminger 10 1 2 2
PowerPlay Forward
Center Left Wing Right Wing Time % Phy DF OF
1 Eric Staal Alexander Semin David Backes 60 1 0 4
2 Patrik Berglund Steve Regier Jordin Tootoo 40 1 0 4
PowerPlay Defense
Defense Defense Time % Phy DF OF
1 Erik Johnson Tom Poti 60 1 1 3
2 Derek Meech Sami Vatanen 40 1 1 3
Penalty Kill 4 Players Forward
Center Wing Time % Phy DF OF
1 Mikhail Grabovski Brad Marchand 50 1 4 0
2 Eric Staal David Ullstrom 50 1 4 0
Penalty Kill 4 Players Defense
Defense Defense Time % Phy DF OF
1 Derek Meech Steve Eminger 58 1 4 0
2 Erik Johnson Tom Poti 42 1 4 0
Penalty Kill - 3 Players Forward
Forward Time % Phy DF OF
1 Eric Staal 50 1 4 0
2 David Backes 50 1 4 0
Penalty Kill - 3 Players Defense
Defense Defense Time % Phy DF OF
1 Derek Meech Steve Eminger 58 1 4 0
2 Erik Johnson Tom Poti 42 1 4 0
4 vs 4 Forward
Center Wing Time % Phy DF OF
1 Eric Staal David Backes 60 1 2 2
2 Patrik Berglund Alexander Semin 40 1 2 2
4 vs 4 Defense
Defense Defense Time % Phy DF OF
1 Erik Johnson Tom Poti 60 1 2 2
2 Derek Meech Steve Eminger 40 1 2 2
Last Minutes Offensive
Center Left Wing Right Wing Defense Defense
Eric Staal Alexander Semin David Backes Erik Johnson Tom Poti
Last Minutes Defensive
Center Left Wing Right Wing Defense Defense
Eric Staal Alexander Semin David Backes Derek Meech Steve Eminger
Goaltenders
Starting : Jonas Gustavsson
Backup : Pekka Rinne
Extra Forwards
Normal : Brad Marchand, Peter Prucha, Patrik Berglund - PP : Brad Marchand, Colin Wilson - PK : Jonathan Ferland
Extra Defensemen
Normal : Derek Meech, Steve Eminger, Sami Vatanen - PP : Sami Vatanen - PK : Erik Johnson, Brendan Mikkelson
Penalty Shots
Eric Staal, Alexander Semin, David Backes, Brad Marchand, Patrik Berglund
Scratches
None
Coyotes
5 vs 5 Forward
Center Left Wing Right Wing Time % Phy DF OF
1 Brad Richards Tyler Ennis Marian Gaborik 40 0 2 3
2 Nazem Kadri Zach Parise Marek Svatos 32 0 2 3
3 Brooks Laich Martin Samuelsson Chad Larose 16 0 2 3
4 Valtteri Filppula Ryane Clowe Chris Stewart 12 0 2 3
5 vs 5 Defense
Defense Defense Time % Phy DF OF
1 Kristopher Letang Anton Stralman 40 0 3 2
2 Josh Gorges Greg Zanon 30 0 3 2
3 Alexander Sulzer Michael Del Zotto 25 0 3 2
4 Kristopher Letang Michael Del Zotto 5 0 3 2
PowerPlay Forward
Center Left Wing Right Wing Time % Phy DF OF
1 Brad Richards Tyler Ennis Marian Gaborik 60 0 1 4
2 Nazem Kadri Zach Parise Marek Svatos 40 0 1 4
PowerPlay Defense
Defense Defense Time % Phy DF OF
1 Kristopher Letang Anton Stralman 60 0 2 3
2 Josh Gorges Michael Del Zotto 40 0 2 3
Penalty Kill 4 Players Forward
Center Wing Time % Phy DF OF
1 Chad Larose Martin Samuelsson 60 1 3 1
2 Brad Richards Zach Parise 40 1 3 1
Penalty Kill 4 Players Defense
Defense Defense Time % Phy DF OF
1 Greg Zanon Josh Gorges 60 1 4 0
2 Anton Stralman Alexander Sulzer 40 1 4 0
Penalty Kill - 3 Players Forward
Forward Time % Phy DF OF
1 Brad Richards 60 1 3 1
2 Zach Parise 40 1 3 1
Penalty Kill - 3 Players Defense
Defense Defense Time % Phy DF OF
1 Alexander Sulzer Anton Stralman 60 1 4 0
2 Josh Gorges Greg Zanon 40 1 4 0
4 vs 4 Forward
Center Wing Time % Phy DF OF
1 Brad Richards Marian Gaborik 60 0 2 3
2 Nazem Kadri Zach Parise 40 0 2 3
4 vs 4 Defense
Defense Defense Time % Phy DF OF
1 Kristopher Letang Anton Stralman 60 0 3 2
2 Josh Gorges Greg Zanon 40 0 3 2
Last Minutes Offensive
Center Left Wing Right Wing Defense Defense
Brad Richards Tyler Ennis Marian Gaborik Kristopher Letang Anton Stralman
Last Minutes Defensive
Center Left Wing Right Wing Defense Defense
Brad Richards Zach Parise Chad Larose Greg Zanon Anton Stralman
Goaltenders
Starting : Maxime Daigneault
Backup : Cam Ward
Extra Forwards
Normal : Brooks Laich, Chris Stewart, Ryane Clowe - PP : Brooks Laich, Chris Stewart - PK : Tyler Ennis
Extra Defensemen
Normal : Alexander Sulzer, Michael Del Zotto, Josh Gorges - PP : Alexander Sulzer - PK : Kristopher Letang, Michael Del Zotto
Penalty Shots
Marian Gaborik, Brad Richards, Tyler Ennis, Zach Parise, Nazem Kadri
Scratches
Thomas Hickey (Healthy)
% Time on Ice - Flames
Lines # - Real PCT - Wanted PCT - Time Play
Normal Forward
1 - 33% - 40% - 15:09
2 - 31% - 33% - 14:16
3 - 22% - 19% - 9:58
4 - 14% - 8% - 6:12
Normal Defense
1 - 41% - 38% - 18:36
2 - 30% - 29% - 13:38
3 - 24% - 23% - 10:51
4 - 5% - 10% - 2:30
PP Forward
1 - 59% - 60% - 1:53
2 - 41% - 40% - 1:18
PP Defense
1 - 71% - 60% - 2:15
2 - 29% - 40% - 0:56
PK Forward
1 - 50% - 50% - 5:04
2 - 50% - 50% - 5:00
PK Defense
1 - 55% - 58% - 5:30
2 - 45% - 42% - 4:34
PK3 Forward
1 - 0% - 50%
2 - 0% - 50%
PK3 Defense
1 - 0% - 58%
2 - 0% - 42%
44 Forward
1 - 0% - 60%
2 - 0% - 40%
44 Defense
1 - 0% - 60%
2 - 0% - 40%
Last Minute Offensive - 1:10
Last Minute Defensive - 0:00
Total
Forward - 60:00
Defense - 60:00
|
% Time on Ice - Coyotes
Lines # - Real PCT - Wanted PCT - Time Play
Normal Forward
1 - 38% - 40% - 17:22
2 - 27% - 32% - 12:16
3 - 20% - 16% - 9:12
4 - 16% - 12% - 7:15
Normal Defense
1 - 42% - 40% - 19:20
2 - 31% - 30% - 14:07
3 - 24% - 25% - 11:10
4 - 3% - 5% - 1:28
PP Forward
1 - 57% - 60% - 5:47
2 - 43% - 40% - 4:17
PP Defense
1 - 59% - 60% - 5:57
2 - 41% - 40% - 4:07
PK Forward
1 - 82% - 60% - 2:37
2 - 18% - 40% - 0:34
PK Defense
1 - 74% - 60% - 2:21
2 - 26% - 40% - 0:50
PK3 Forward
1 - 0% - 60%
2 - 0% - 40%
PK3 Defense
1 - 0% - 60%
2 - 0% - 40%
44 Forward
1 - 0% - 60%
2 - 0% - 40%
44 Defense
1 - 0% - 60%
2 - 0% - 40%
Last Minute Offensive - 0:00
Last Minute Defensive - 0:40
Total
Forward - 60:00
Defense - 60:00
|
Play-by-Play
1st period
0:01 of 1st period - Brad Richards wins face-off versus Eric Staal in neutral zone.
1:00 of 1st period - Snap shot by Brooks Laich.
1:00 of 1st period - Shot Misses the Net.
1:19 of 1st period - Wrist shot by Chris Stewart.
1:19 of 1st period - Stopped by Jonas Gustavsson without a rebound.
1:20 of 1st period - Brad Richards wins face-off versus Eric Staal in Flames zone.
1:25 of 1st period - Snap shot by Tyler Ennis.
1:25 of 1st period - Shot Blocked by Brendan Mikkelson.
1:47 of 1st period - Brendan Mikkelson is hit by Zach Parise and loses puck.
1:54 of 1st period - Snap shot by Marek Svatos.
1:54 of 1st period - Stopped by Jonas Gustavsson with a rebound.
1:56 of 1st period - Slapshot by Josh Gorges.
1:56 of 1st period - Stopped by Jonas Gustavsson without a rebound.
1:57 of 1st period - Brooks Laich wins face-off versus Eric Staal in Flames zone.
1:58 of 1st period - Snap shot by Martin Samuelsson.
1:58 of 1st period - Stopped by Jonas Gustavsson without a rebound.
1:59 of 1st period - Brooks Laich wins face-off versus Eric Staal in Flames zone.
2:04 of 1st period - Wrist shot by Martin Samuelsson.
2:04 of 1st period - Stopped by Jonas Gustavsson with a rebound.
2:06 of 1st period - Slapshot by Josh Gorges.
2:06 of 1st period - Stopped by Jonas Gustavsson without a rebound.
2:07 of 1st period - Eric Staal wins face-off versus Brooks Laich in Flames zone.
2:30 of 1st period - Slapshot by Brooks Laich.
2:30 of 1st period - Stopped by Jonas Gustavsson with a rebound.
2:36 of 1st period - Wrist shot by Alexander Semin.
2:36 of 1st period - Stopped by Maxime Daigneault without a rebound.
2:37 of 1st period - Brad Richards wins face-off versus Patrik Berglund in Coyotes zone.
2:41 of 1st period - Off-side.
2:42 of 1st period - Peter Prucha wins face-off versus Brad Richards in neutral zone.
3:29 of 1st period - Icing by Marian Gaborik.
3:30 of 1st period - Brad Richards wins face-off versus Colin Wilson in Coyotes zone.
3:41 of 1st period - Wrist shot by Marek Svatos.
3:41 of 1st period - Shot Misses the Net.
3:45 of 1st period - Snap shot by Nazem Kadri.
3:45 of 1st period - Stopped by Jonas Gustavsson with a rebound.
3:58 of 1st period - Off-side.
3:59 of 1st period - Valtteri Filppula wins face-off versus Patrik Berglund in neutral zone.
4:24 of 1st period - Brendan Mikkelson is hit by Zach Parise and loses puck.
5:55 of 1st period - Wrist shot by Chris Stewart.
5:55 of 1st period - Stopped by Jonas Gustavsson with a rebound.
5:57 of 1st period - Wrist shot by Greg Zanon.
5:57 of 1st period - Deflect By Ryane Clowe.
5:57 of 1st period - Shot Blocked by Steve Eminger.
5:57 of 1st period - Puck is out of play.
5:58 of 1st period - Brad Richards wins face-off versus Patrik Berglund in Flames zone.
6:16 of 1st period - Minor Penalty to Sami Vatanen for Hooking.
6:17 of 1st period - Brad Richards wins face-off versus Mikhail Grabovski in Flames zone.
7:18 of 1st period - Snap shot by Brad Richards.
7:18 of 1st period - Shot Blocked by Erik Johnson.
7:20 of 1st period - Snap shot by Brad Richards.
7:20 of 1st period - Shot Blocked by Erik Johnson.
7:22 of 1st period - Slapshot by Kristopher Letang.
7:22 of 1st period - Stopped by Jonas Gustavsson with a rebound.
7:24 of 1st period - Wrist shot by Marian Gaborik.
7:24 of 1st period - Stopped by Jonas Gustavsson without a rebound.
7:25 of 1st period - Eric Staal wins face-off versus Nazem Kadri in Flames zone.
7:34 of 1st period - Derek Meech is hit by Marek Svatos and loses puck.
7:39 of 1st period - Slapshot by Marek Svatos.
7:39 of 1st period - Deflect By Nazem Kadri.
7:39 of 1st period - Stopped by Jonas Gustavsson with a rebound.
7:41 of 1st period - Slapshot by Michael Del Zotto.
7:41 of 1st period - Shot Blocked by Eric Staal.
8:16 of 1st period - Penalty to Sami Vatanen is over, Sami Vatanen is back on ice.
8:24 of 1st period - Snap shot by Ryane Clowe.
8:24 of 1st period - Shot Misses the Net.
8:26 of 1st period - Wrist shot by Josh Gorges.
8:26 of 1st period - Stopped by Jonas Gustavsson without a rebound.
8:27 of 1st period - Valtteri Filppula wins face-off versus Eric Staal in Flames zone.
8:28 of 1st period - Wrist shot by Chris Stewart.
8:28 of 1st period - Goal by Chris Stewart - Flames : 0 - Coyotes : 1.
8:29 of 1st period - Brad Richards wins face-off versus Eric Staal in neutral zone.
8:46 of 1st period - Snap shot by Eric Staal.
8:46 of 1st period - Stopped by Maxime Daigneault with a rebound.
8:56 of 1st period - Patrik Berglund is hit by Kristopher Letang and loses puck.
9:03 of 1st period - Snap shot by Zach Parise.
9:03 of 1st period - Shot Blocked by Steve Eminger.
9:22 of 1st period - Martin Samuelsson is hit by Mikhail Grabovski and loses puck.
9:33 of 1st period - Minor Penalty to Jonathan Ferland for Goalie Interference.
9:34 of 1st period - Brad Richards wins face-off versus Eric Staal in Flames zone.
11:33 of 1st period - Penalty to Jonathan Ferland is over, Jonathan Ferland is back on ice.
11:43 of 1st period - Anton Stralman is hit by Colin Wilson.
11:48 of 1st period - Icing by Anton Stralman.
11:49 of 1st period - Brooks Laich wins face-off versus Colin Wilson in Coyotes zone.
12:24 of 1st period - Chris Stewart is hit by Eric Staal.
12:55 of 1st period - Minor Penalty to Marian Gaborik for Roughing.
12:56 of 1st period - Chad Larose wins face-off versus David Backes in Coyotes zone.
13:02 of 1st period - Icing by Alexander Semin.
13:03 of 1st period - Chad Larose wins face-off versus Eric Staal in Flames zone.
13:10 of 1st period - Snap shot by Chad Larose.
13:10 of 1st period - Deflect By Martin Samuelsson.
13:10 of 1st period - Shot Misses the Net.
13:10 of 1st period - Puck is out of play.
13:11 of 1st period - Eric Staal wins face-off versus Chad Larose in Flames zone.
13:51 of 1st period - Off-side.
13:52 of 1st period - Martin Samuelsson wins face-off versus Patrik Berglund in neutral zone.
14:01 of 1st period - Slapshot by Jordin Tootoo.
14:01 of 1st period - Shot Misses the Net.
14:03 of 1st period - Slapshot by Patrik Berglund.
14:03 of 1st period - Shot Blocked by Greg Zanon.
14:05 of 1st period - Slapshot by Sami Vatanen.
14:05 of 1st period - Shot Blocked by Greg Zanon.
14:07 of 1st period - Snap shot by Jordin Tootoo.
14:07 of 1st period - Goal by Jordin Tootoo - Flames : 1 - Coyotes : 1.
14:08 of 1st period - Brad Richards wins face-off versus David Backes in neutral zone.
14:35 of 1st period - Marek Svatos is hit by Peter Prucha and loses puck.
15:02 of 1st period - Snap shot by Jordin Tootoo.
15:02 of 1st period - Stopped by Maxime Daigneault without a rebound.
15:03 of 1st period - Brad Richards wins face-off versus David Backes in Coyotes zone.
15:22 of 1st period - Brad Richards is hit by David Backes and loses puck.
16:20 of 1st period - Icing by Steve Regier.
16:21 of 1st period - David Ullstrom wins face-off versus Valtteri Filppula in Flames zone.
16:26 of 1st period - Slapshot by Erik Johnson.
16:26 of 1st period - Stopped by Maxime Daigneault without a rebound.
16:27 of 1st period - Valtteri Filppula wins face-off versus Mikhail Grabovski in Coyotes zone.
16:32 of 1st period - Mikhail Grabovski is hit by Ryane Clowe.
17:16 of 1st period - Snap shot by Ryane Clowe.
17:16 of 1st period - Shot Misses the Net.
17:18 of 1st period - Slapshot by Michael Del Zotto.
17:18 of 1st period - Deflect By Mikhail Grabovski.
17:18 of 1st period - Stopped by Jonas Gustavsson with a rebound.
17:20 of 1st period - Slapshot by Alexander Sulzer.
17:20 of 1st period - Deflect By Valtteri Filppula.
17:20 of 1st period - Shot Misses the Net.
17:20 of 1st period - Puck is out of play.
17:21 of 1st period - Eric Staal wins face-off versus Brad Richards in Flames zone.
17:21 of 1st period - Eric Staal is hit by Tyler Ennis.
17:53 of 1st period - Snap shot by Brad Marchand.
17:53 of 1st period - Stopped by Maxime Daigneault without a rebound.
17:54 of 1st period - Patrik Berglund wins face-off versus Nazem Kadri in Coyotes zone.
17:55 of 1st period - Snap shot by Brad Marchand.
17:55 of 1st period - Shot Misses the Net.
18:45 of 1st period - Snap shot by Steve Regier.
18:45 of 1st period - Stopped by Maxime Daigneault without a rebound.
18:46 of 1st period - Colin Wilson wins face-off versus Nazem Kadri in Coyotes zone.
19:01 of 1st period - Snap shot by Marek Svatos.
19:01 of 1st period - Shot Misses the Net.
19:03 of 1st period - Wrist shot by Nazem Kadri.
19:03 of 1st period - Stopped by Jonas Gustavsson with a rebound.
19:30 of 1st period - Icing by David Backes.
19:31 of 1st period - Brooks Laich wins face-off versus Eric Staal in Flames zone.
19:46 of 1st period - Snap shot by Patrik Berglund.
19:46 of 1st period - Stopped by Maxime Daigneault without a rebound.
19:47 of 1st period - Brad Richards wins face-off versus Eric Staal in Coyotes zone.
19:56 of 1st period - Slapshot by Tyler Ennis.
19:56 of 1st period - Stopped by Jonas Gustavsson with a rebound.
19:58 of 1st period - Minor Penalty to David Backes for Tripping.
19:59 of 1st period - Brad Richards wins face-off versus Eric Staal in Flames zone.
Goals for this period are 1 for Flames vs 1 for Coyotes.
Shots for this period are 8 for Flames vs 17 for Coyotes.
2nd period
0:01 of 2nd period - Brad Richards wins face-off versus Eric Staal in neutral zone.
0:32 of 2nd period - Nazem Kadri is hit by Brad Marchand and loses puck.
1:58 of 2nd period - Penalty to David Backes is over, David Backes is back on ice.
2:14 of 2nd period - Off-side.
2:15 of 2nd period - Valtteri Filppula wins face-off versus Colin Wilson in neutral zone.
2:18 of 2nd period - Slapshot by Anton Stralman.
2:18 of 2nd period - Stopped by Jonas Gustavsson with a rebound.
2:38 of 2nd period - Eric Staal is hit by Brooks Laich and loses puck.
2:51 of 2nd period - Slapshot by Martin Samuelsson.
2:51 of 2nd period - Deflect By Brooks Laich.
2:51 of 2nd period - Goal by Brooks Laich - Flames : 1 - Coyotes : 2.
2:52 of 2nd period - Alexander Semin wins face-off versus Brad Richards in neutral zone.
2:55 of 2nd period - Snap shot by Eric Staal.
2:55 of 2nd period - Shot Blocked by Michael Del Zotto.
3:52 of 2nd period - Slapshot by Erik Johnson.
3:52 of 2nd period - Goal by Erik Johnson - Flames : 2 - Coyotes : 2.
3:53 of 2nd period - Eric Staal wins face-off versus Brad Richards in neutral zone.
3:55 of 2nd period - Off-side.
3:56 of 2nd period - Brad Richards wins face-off versus Eric Staal in neutral zone.
5:03 of 2nd period - Icing by Derek Meech.
5:04 of 2nd period - Brooks Laich wins face-off versus Patrik Berglund in Flames zone.
5:59 of 2nd period - Snap shot by Erik Johnson.
5:59 of 2nd period - Deflect By Colin Wilson.
5:59 of 2nd period - Stopped by Maxime Daigneault without a rebound.
6:00 of 2nd period - Colin Wilson wins face-off versus Valtteri Filppula in Coyotes zone.
6:01 of 2nd period - Wrist shot by Steve Regier.
6:01 of 2nd period - Stopped by Maxime Daigneault without a rebound.
6:02 of 2nd period - Tyler Ennis wins face-off versus Colin Wilson in Coyotes zone.
6:07 of 2nd period - Snap shot by Brad Richards.
6:07 of 2nd period - Stopped by Jonas Gustavsson without a rebound.
6:08 of 2nd period - Colin Wilson wins face-off versus Brad Richards in Flames zone.
6:08 of 2nd period - Colin Wilson is hit by Brad Richards.
6:20 of 2nd period - Wrist shot by Jordin Tootoo.
6:20 of 2nd period - Stopped by Maxime Daigneault without a rebound.
6:21 of 2nd period - Brad Richards wins face-off versus Eric Staal in Coyotes zone.
6:21 of 2nd period - Brad Richards is hit by Alexander Semin.
6:35 of 2nd period - Wrist shot by Tyler Ennis.
6:35 of 2nd period - Shot Misses the Net.
6:47 of 2nd period - Alexander Semin is hit by Chad Larose and loses puck.
7:06 of 2nd period - Minor Penalty to Alexander Semin for Hooking.
7:07 of 2nd period - Mikhail Grabovski wins face-off versus Brad Richards in Flames zone.
7:22 of 2nd period - Wrist shot by Marian Gaborik.
7:22 of 2nd period - Shot Blocked by Derek Meech.
7:38 of 2nd period - Steve Eminger is hit by Nazem Kadri and loses puck.
8:45 of 2nd period - David Ullstrom is hit by Kristopher Letang.
8:57 of 2nd period - Mikhail Grabovski is hit by Marek Svatos and loses puck.
9:06 of 2nd period - Penalty to Alexander Semin is over, Alexander Semin is back on ice.
9:24 of 2nd period - Chad Larose is hit by Alexander Semin and loses puck.
9:39 of 2nd period - Snap shot by Michael Del Zotto.
9:39 of 2nd period - Stopped by Jonas Gustavsson with a rebound.
9:41 of 2nd period - Slapshot by Chris Stewart.
9:41 of 2nd period - Stopped by Jonas Gustavsson without a rebound.
9:42 of 2nd period - Brooks Laich wins face-off versus Patrik Berglund in Flames zone.
9:50 of 2nd period - Off-side.
9:51 of 2nd period - Patrik Berglund wins face-off versus Brooks Laich in neutral zone.
10:00 of 2nd period - Snap shot by Brad Marchand.
10:00 of 2nd period - Shot Blocked by Brooks Laich.
10:31 of 2nd period - Icing by Tyler Ennis.
10:32 of 2nd period - Brad Richards wins face-off versus Colin Wilson in Coyotes zone.
10:38 of 2nd period - Anton Stralman is hit by Steve Eminger and loses puck.
10:45 of 2nd period - Wrist shot by Marek Svatos.
10:45 of 2nd period - Stopped by Jonas Gustavsson with a rebound.
11:26 of 2nd period - Snap shot by Chris Stewart.
11:26 of 2nd period - Shot Blocked by Tom Poti.
11:53 of 2nd period - Wrist shot by David Ullstrom.
11:53 of 2nd period - Shot Misses the Net.
11:55 of 2nd period - Snap shot by Jonathan Ferland.
11:55 of 2nd period - Shot Misses the Net.
11:57 of 2nd period - Wrist shot by David Ullstrom.
11:57 of 2nd period - Shot Misses the Net.
11:59 of 2nd period - Snap shot by Erik Johnson.
11:59 of 2nd period - Deflect By Marek Svatos.
11:59 of 2nd period - Stopped by Maxime Daigneault with a rebound.
12:16 of 2nd period - Wrist shot by Tyler Ennis.
12:16 of 2nd period - Stopped by Jonas Gustavsson with a rebound.
12:18 of 2nd period - Wrist shot by Alexander Sulzer.
12:18 of 2nd period - Stopped by Jonas Gustavsson without a rebound.
12:19 of 2nd period - Patrik Berglund wins face-off versus Brad Richards in Flames zone.
12:30 of 2nd period - Off-side.
12:31 of 2nd period - Eric Staal wins face-off versus Brad Richards in neutral zone.
12:34 of 2nd period - Snap shot by Tom Poti.
12:34 of 2nd period - Stopped by Maxime Daigneault without a rebound.
12:35 of 2nd period - Eric Staal wins face-off versus Brad Richards in Coyotes zone.
12:36 of 2nd period - Snap shot by David Backes.
12:36 of 2nd period - Shot Misses the Net.
12:38 of 2nd period - Snap shot by Tom Poti.
12:38 of 2nd period - Stopped by Maxime Daigneault without a rebound.
12:39 of 2nd period - Brad Richards wins face-off versus Eric Staal in Coyotes zone.
13:14 of 2nd period - Snap shot by Eric Staal.
13:14 of 2nd period - Shot Blocked by Anton Stralman.
13:29 of 2nd period - Off-side.
13:30 of 2nd period - Nazem Kadri wins face-off versus Patrik Berglund in neutral zone.
13:35 of 2nd period - Snap shot by Nazem Kadri.
13:35 of 2nd period - Stopped by Jonas Gustavsson with a rebound.
14:08 of 2nd period - Off-side.
14:09 of 2nd period - Valtteri Filppula wins face-off versus Colin Wilson in neutral zone.
15:07 of 2nd period - Icing by Tom Poti.
15:08 of 2nd period - Patrik Berglund wins face-off versus Nazem Kadri in Flames zone.
15:13 of 2nd period - Wrist shot by Brad Marchand.
15:13 of 2nd period - Shot Misses the Net.
15:17 of 2nd period - Wrist shot by Patrik Berglund.
15:17 of 2nd period - Stopped by Maxime Daigneault without a rebound.
15:18 of 2nd period - Nazem Kadri wins face-off versus Eric Staal in Coyotes zone.
15:22 of 2nd period - Greg Zanon is hit by David Backes and loses puck.
15:33 of 2nd period - Off-side.
15:34 of 2nd period - Patrik Berglund wins face-off versus Brad Richards in neutral zone.
15:37 of 2nd period - Snap shot by Brad Marchand.
15:37 of 2nd period - Shot Blocked by Brad Richards.
15:46 of 2nd period - Off-side.
15:47 of 2nd period - Brad Richards wins face-off versus Eric Staal in neutral zone.
16:18 of 2nd period - Wrist shot by Nazem Kadri.
16:18 of 2nd period - Stopped by Jonas Gustavsson with a rebound.
16:20 of 2nd period - Slapshot by Anton Stralman.
16:20 of 2nd period - Shot Blocked by Erik Johnson.
16:22 of 2nd period - Slapshot by Kristopher Letang.
16:22 of 2nd period - Deflect By Marek Svatos.
16:22 of 2nd period - Stopped by Jonas Gustavsson without a rebound.
16:23 of 2nd period - Nazem Kadri wins face-off versus Eric Staal in Flames zone.
16:27 of 2nd period - Minor Penalty to Alexander Semin for Goalie Interference.
16:28 of 2nd period - Brad Richards wins face-off versus Eric Staal in Flames zone.
16:32 of 2nd period - Snap shot by Marian Gaborik.
16:32 of 2nd period - Shot Blocked by Steve Eminger.
16:34 of 2nd period - Slapshot by Anton Stralman.
16:34 of 2nd period - Shot Misses the Net.
16:36 of 2nd period - Snap shot by Marian Gaborik.
16:36 of 2nd period - Goal by Marian Gaborik - Flames : 2 - Coyotes : 3.
16:37 of 2nd period - Eric Staal wins face-off versus Brad Richards in neutral zone.
16:45 of 2nd period - Slapshot by Josh Gorges.
16:45 of 2nd period - Shot Misses the Net.
17:03 of 2nd period - Steve Eminger is hit by Nazem Kadri and loses puck.
17:47 of 2nd period - Snap shot by Valtteri Filppula.
17:47 of 2nd period - Stopped by Jonas Gustavsson with a rebound.
18:22 of 2nd period - Snap shot by Sami Vatanen.
18:22 of 2nd period - Shot Blocked by Marek Svatos.
19:10 of 2nd period - Snap shot by David Backes.
19:10 of 2nd period - Shot Misses the Net.
19:12 of 2nd period - Snap shot by David Backes.
19:12 of 2nd period - Stopped by Maxime Daigneault with a rebound.
19:30 of 2nd period - Slapshot by Tyler Ennis.
19:30 of 2nd period - Deflect By Marian Gaborik.
19:30 of 2nd period - Stopped by Jonas Gustavsson with a rebound.
Goals for this period are 1 for Flames vs 2 for Coyotes.
Shots for this period are 9 for Flames vs 14 for Coyotes.
3rd period
0:01 of 3rd period - Eric Staal wins face-off versus Tyler Ennis in neutral zone.
0:17 of 3rd period - Minor Penalty to Marian Gaborik for Hooking.
0:18 of 3rd period - Eric Staal wins face-off versus Chad Larose in Coyotes zone.
0:26 of 3rd period - Wrist shot by David Backes.
0:26 of 3rd period - Shot Misses the Net.
0:28 of 3rd period - Slapshot by Tom Poti.
0:28 of 3rd period - Deflect By Greg Zanon.
0:28 of 3rd period - Stopped by Maxime Daigneault without a rebound.
0:29 of 3rd period - David Backes wins face-off versus Chad Larose in Coyotes zone.
0:46 of 3rd period - Snap shot by Alexander Semin.
0:46 of 3rd period - Shot Misses the Net.
1:04 of 3rd period - Greg Zanon is hit by Patrik Berglund and loses puck.
1:34 of 3rd period - Wrist shot by Brad Richards.
1:34 of 3rd period - Stopped by Jonas Gustavsson with a rebound.
2:17 of 3rd period - Penalty to Marian Gaborik is over, Marian Gaborik is back on ice.
2:50 of 3rd period - Snap shot by Mikhail Grabovski.
2:50 of 3rd period - Stopped by Maxime Daigneault with a rebound.
2:52 of 3rd period - Slapshot by Derek Meech.
2:52 of 3rd period - Stopped by Maxime Daigneault with a rebound.
2:54 of 3rd period - Snap shot by Peter Prucha.
2:54 of 3rd period - Stopped by Maxime Daigneault with a rebound.
2:56 of 3rd period - Snap shot by Derek Meech.
2:56 of 3rd period - Shot Misses the Net.
3:17 of 3rd period - Icing by Kristopher Letang.
3:18 of 3rd period - Nazem Kadri wins face-off versus Patrik Berglund in Coyotes zone.
3:18 of 3rd period - Nazem Kadri is hit by Steve Eminger.
3:28 of 3rd period - Greg Zanon is hit by Peter Prucha and loses puck.
3:39 of 3rd period - Jonathan Ferland is hit by Josh Gorges and loses puck.
4:50 of 3rd period - Slapshot by Nazem Kadri.
4:50 of 3rd period - Shot Blocked by Peter Prucha.
4:52 of 3rd period - Slapshot by Alexander Sulzer.
4:52 of 3rd period - Deflect By Peter Prucha.
4:52 of 3rd period - Stopped by Jonas Gustavsson with a rebound.
4:54 of 3rd period - Slapshot by Michael Del Zotto.
4:54 of 3rd period - Shot Misses the Net.
5:04 of 3rd period - Erik Johnson is hit by Michael Del Zotto.
5:10 of 3rd period - Tyler Ennis is hit by Steve Eminger and loses puck.
5:40 of 3rd period - Minor Penalty to David Backes for Interference.
5:41 of 3rd period - Brad Richards wins face-off versus Eric Staal in Flames zone.
5:49 of 3rd period - Wrist shot by Tyler Ennis.
5:49 of 3rd period - Stopped by Jonas Gustavsson with a rebound.
5:51 of 3rd period - Slapshot by Marian Gaborik.
5:51 of 3rd period - Shot Misses the Net.
5:53 of 3rd period - Snap shot by Tyler Ennis.
5:53 of 3rd period - Shot Misses the Net.
6:16 of 3rd period - Brad Marchand is hit by Nazem Kadri and loses puck.
7:40 of 3rd period - Penalty to David Backes is over, David Backes is back on ice.
8:07 of 3rd period - Snap shot by Eric Staal.
8:07 of 3rd period - Stopped by Maxime Daigneault with a rebound.
8:09 of 3rd period - Slapshot by Sami Vatanen.
8:09 of 3rd period - Stopped by Maxime Daigneault with a rebound.
8:37 of 3rd period - Slapshot by David Backes.
8:37 of 3rd period - Stopped by Maxime Daigneault with a rebound.
8:43 of 3rd period - Wrist shot by David Backes.
8:43 of 3rd period - Goal by David Backes - Flames : 3 - Coyotes : 3.
8:44 of 3rd period - Nazem Kadri wins face-off versus Patrik Berglund in neutral zone.
8:49 of 3rd period - Snap shot by Zach Parise.
8:49 of 3rd period - Deflect By Peter Prucha.
8:49 of 3rd period - Stopped by Jonas Gustavsson with a rebound.
8:51 of 3rd period - Wrist shot by Nazem Kadri.
8:51 of 3rd period - Shot Misses the Net.
9:03 of 3rd period - Brad Marchand is hit by Marek Svatos and loses puck.
9:22 of 3rd period - Wrist shot by Colin Wilson.
9:22 of 3rd period - Stopped by Maxime Daigneault with a rebound.
9:24 of 3rd period - Slapshot by Erik Johnson.
9:24 of 3rd period - Deflect By Steve Regier.
9:24 of 3rd period - Stopped by Maxime Daigneault with a rebound.
9:26 of 3rd period - Slapshot by Tom Poti.
9:26 of 3rd period - Stopped by Maxime Daigneault with a rebound.
9:57 of 3rd period - Michael Del Zotto is hit by Steve Regier and loses puck.
10:34 of 3rd period - Slapshot by David Ullstrom.
10:34 of 3rd period - Stopped by Maxime Daigneault without a rebound.
10:35 of 3rd period - Mikhail Grabovski wins face-off versus Brad Richards in Coyotes zone.
10:35 of 3rd period - Erik Johnson is hit by Alexander Sulzer and loses puck.
10:38 of 3rd period - Wrist shot by Jonathan Ferland.
10:38 of 3rd period - Shot Misses the Net.
10:42 of 3rd period - Wrist shot by David Ullstrom.
10:42 of 3rd period - Shot Misses the Net.
10:44 of 3rd period - Slapshot by Erik Johnson.
10:44 of 3rd period - Stopped by Maxime Daigneault with a rebound.
11:24 of 3rd period - Wrist shot by Eric Staal.
11:24 of 3rd period - Stopped by Maxime Daigneault with a rebound.
11:36 of 3rd period - Slapshot by Anton Stralman.
11:36 of 3rd period - Shot Misses the Net.
11:46 of 3rd period - Slapshot by Brad Richards.
11:46 of 3rd period - Shot Blocked by Sami Vatanen.
11:48 of 3rd period - Wrist shot by Brad Richards.
11:48 of 3rd period - Shot Misses the Net.
12:06 of 3rd period - Wrist shot by Marek Svatos.
12:06 of 3rd period - Deflect By Brad Marchand.
12:06 of 3rd period - Stopped by Jonas Gustavsson with a rebound.
12:20 of 3rd period - Wrist shot by Brad Marchand.
12:20 of 3rd period - Stopped by Maxime Daigneault without a rebound.
12:21 of 3rd period - Eric Staal wins face-off versus Brad Richards in Coyotes zone.
12:34 of 3rd period - Slapshot by Eric Staal.
12:34 of 3rd period - Deflect By Alexander Semin.
12:34 of 3rd period - Stopped by Maxime Daigneault without a rebound.
12:35 of 3rd period - Eric Staal wins face-off versus Nazem Kadri in Coyotes zone.
12:36 of 3rd period - Snap shot by Alexander Semin.
12:36 of 3rd period - Stopped by Maxime Daigneault without a rebound.
12:37 of 3rd period - Nazem Kadri wins face-off versus Eric Staal in Coyotes zone.
12:37 of 3rd period - Nazem Kadri is hit by David Backes.
13:25 of 3rd period - Snap shot by Martin Samuelsson.
13:25 of 3rd period - Stopped by Jonas Gustavsson without a rebound.
13:26 of 3rd period - Steve Regier wins face-off versus Brooks Laich in Flames zone.
14:22 of 3rd period - Snap shot by Colin Wilson.
14:22 of 3rd period - Stopped by Maxime Daigneault without a rebound.
14:23 of 3rd period - Eric Staal wins face-off versus Brad Richards in Coyotes zone.
14:50 of 3rd period - Tom Poti is hit by Michael Del Zotto and loses puck.
16:19 of 3rd period - Off-side.
16:20 of 3rd period - Colin Wilson wins face-off versus Valtteri Filppula in neutral zone.
16:27 of 3rd period - Snap shot by Erik Johnson.
16:27 of 3rd period - Deflect By Ryane Clowe.
16:27 of 3rd period - Stopped by Maxime Daigneault without a rebound.
16:28 of 3rd period - Brad Richards wins face-off versus Colin Wilson in Coyotes zone.
17:01 of 3rd period - Slapshot by Eric Staal.
17:01 of 3rd period - Stopped by Maxime Daigneault with a rebound.
17:03 of 3rd period - Slapshot by David Backes.
17:03 of 3rd period - Deflect By Eric Staal.
17:03 of 3rd period - Stopped by Maxime Daigneault without a rebound.
17:04 of 3rd period - Ryane Clowe wins face-off versus Eric Staal in Coyotes zone.
17:17 of 3rd period - Snap shot by Chris Stewart.
17:17 of 3rd period - Goal by Chris Stewart - Flames : 3 - Coyotes : 4.
17:18 of 3rd period - Brad Richards wins face-off versus Colin Wilson in neutral zone.
17:44 of 3rd period - Erik Johnson is hit by Anton Stralman and loses puck.
17:51 of 3rd period - Slapshot by Josh Gorges.
17:51 of 3rd period - Stopped by Jonas Gustavsson with a rebound.
18:27 of 3rd period - Derek Meech is hit by Greg Zanon.
18:47 of 3rd period - Flames, Jonas Gustavsson is pulled from the net.
18:47 of 3rd period - Slapshot by Colin Wilson.
18:47 of 3rd period - Shot Misses the Net.
18:49 of 3rd period - Wrist shot by Colin Wilson.
18:49 of 3rd period - Stopped by Maxime Daigneault without a rebound.
18:50 of 3rd period - Lindy Ruff call a timeout for Flames.
18:50 of 3rd period - Eric Staal wins face-off versus Brad Richards in Coyotes zone.
19:13 of 3rd period - Snap shot by Eric Staal.
19:13 of 3rd period - Shot Blocked by Kristopher Letang.
19:15 of 3rd period - Snap shot by Alexander Semin.
19:15 of 3rd period - Stopped by Maxime Daigneault with a rebound.
19:17 of 3rd period - Wrist shot by Eric Staal.
19:17 of 3rd period - Shot Misses the Net.
19:19 of 3rd period - Snap shot by Tom Poti.
19:19 of 3rd period - Deflect By Eric Staal.
19:19 of 3rd period - Shot Blocked by Kristopher Letang.
19:19 of 3rd period - Puck is out of play.
19:20 of 3rd period - Eric Staal wins face-off versus Brad Richards in Coyotes zone.
19:28 of 3rd period - Off-side.
19:29 of 3rd period - Eric Staal wins face-off versus Brad Richards in neutral zone.
19:34 of 3rd period - Eric Staal is hit by Chad Larose and loses puck.
19:45 of 3rd period - Slapshot by Eric Staal.
19:45 of 3rd period - Shot Misses the Net.
19:47 of 3rd period - Wrist shot by Eric Staal.
19:47 of 3rd period - Deflect By David Backes.
19:47 of 3rd period - Stopped by Maxime Daigneault without a rebound.
19:48 of 3rd period - Eric Staal wins face-off versus Brad Richards in Coyotes zone.
Goals for this period are 1 for Flames vs 1 for Coyotes.
Shots for this period are 24 for Flames vs 8 for Coyotes.
0:00 - Minor Penalty to Anton Stralman for Interference.
Goals for this period are 1 for Flames vs 1 for Coyotes.
Shots for this period are 24 for Flames vs 8 for Coyotes.
Back to the Top